 Dungeon Crawl Stone Soup version 0.20.0-10-g0535bb4 (webtiles) character file.

70 maniacrov the Firebug (level 4, -1/24 HPs)
             Began as a Deep Elf Fire Elementalist on June 7, 2017.
             Was an Initiate of Sif Muna.
             Slain by maniacrov's ghost (7 damage)
             ... on level 3 of the Dungeon.
             The game lasted 00:09:06 (1502 turns).

maniacrov the Firebug (Deep Elf Fire Elementalist)  Turns: 1502, Time: 00:09:07

Health: -1/24      AC:  3    Str:  5    XL:     4   Next: 3%
Magic:  0/11       EV: 19    Int: 21    God:    Sif Muna [......]
Gold:   137        SH:  0    Dex: 20    Spells: 4/10 levels left

rFire    . . .     SeeInvis .   p - +1 dagger
rCold    . . .     Gourm    .   (no shield)
rNeg     . . .     Faith    .   a - +0 robe
rPois    .         Spirit   .   (no helmet)
rElec    .         Reflect  .   (no cloak)
rCorr    .         Harm     .   (no gloves)
MR       .....                  l - +0 pair of boots
Stlth    ++++......             e - amulet of regeneration
Regen    0.5/turn               (no ring)
MPRegen  0.2/turn               (no ring)

@: agile, very slightly contaminated
A: no striking features
a: Renounce Religion


You were on level 3 of the Dungeon.
You worshipped Sif Muna.
Sif Muna was noncommittal.
You were not hungry.

You visited 1 branch of the dungeon, and saw 3 of its levels.

You collected 137 gold pieces.

Inventory:

Hand Weapons
 p - a +1 dagger (weapon)
Armour
 a - a +0 robe (worn)
 l - a +0 pair of boots (worn)
Jewellery
 e - an amulet of regeneration (around neck)
Scrolls
 h - a scroll of magic mapping {unknown}
 m - 3 scrolls of teleportation
 n - a scroll of identify
 q - 2 scrolls of remove curse
Potions
 d - a potion of resistance {unknown}
 f - a potion of flight {unknown}
 g - a potion of magic {unknown}
 i - 3 potions of agility
 k - a potion of brilliance {unknown}
 o - a potion of heal wounds {unknown}
 r - a potion of invisibility {unknown}
Books
 b - a book of Flames

   Spells                             Type                      Level
   a - Flame Tongue                   Conjuration/Fire             1
   b - Throw Flame                    Conjuration/Fire             2
   c - Conjure Flame                  Conjuration/Fire             3
   d - Inner Flame                    Hexes/Fire                   3
   e - Sticky Flame                   Conjuration/Fire             4
   f - Fireball                       Conjuration/Fire             5
Comestibles
 c - 3 bread rations
 j - 2 meat rations


   Skills:
 + Level 2.8 Dodging
 + Level 2.8 Stealth
 - Level 0.1 Unarmed Combat
 * Level 3.8 Spellcasting
 + Level 1.2 Conjurations
 * Level 4.5 Fire Magic


You had 4 spell levels left.
You knew the following spells:

 Your Spells              Type           Power        Failure   Level  Hunger
a - Flame Tongue          Conj/Fire      ###..        3%          1    None
b - Throw Flame           Conj/Fire      ###...       5%          2    #......
c - Inner Flame           Hex/Fire       ##......     14%         3    ###....


Dungeon Overview and Level Annotations

Branches:
Dungeon (3/15)

Altars:
Qazlal
Sif Muna

Annotations:
D:3 maniacrov's ghost, weakling MfMo


Message History

You closely miss maniacrov's ghost.
Maniacrov's ghost is severely damaged.
Maniacrov's ghost hits you.
* * * LOW HITPOINT WARNING * * *
Okay, then.
Casting: Flame Tongue
Confirm with . or Enter, or press ? or * to list all spells.
Aiming: Flame Tongue
Press: ? - help, Shift-Dir - straight line, f/p - maniacrov's ghost
Aim: maniacrov's ghost (severely damaged)
The flame tongue hits maniacrov's ghost.
Maniacrov's ghost is almost destroyed.
Maniacrov's ghost closely misses you.
You hit maniacrov's ghost.
Maniacrov's ghost is almost destroyed.
Maniacrov's ghost misses you.
You closely miss maniacrov's ghost.
Maniacrov's ghost is almost destroyed.
Maniacrov's ghost hits you!
You die...

#........ #.#.#### #.#
#........####.#.##.######.####...
.................................
#........####.#.##...####.#####.#
#........ ##.#.##.#.# #....#
......... #....##.#.####....#
......... #.......#...?...>.#
..####... #...##########....# ###
### #..)W@.(..........# .#
#...############.## .# #...# #.#
#.# #...# #.# #.# #...# #.# #.#
....... ######.###.# ......g...
#..........# ...........
#..........# .......#####
#..........#


You could see maniacrov's ghost.

Vanquished Creatures
  2 adders (D:2)
  An ooze (D:1)
  A dart slug (D:1)
  2 leopard geckos
  A ball python (D:1)
  A bat (D:2)
  2 giant cockroaches
  4 hobgoblins
  4 jackals
  A quokka (D:2)
  6 frilled lizards
  6 goblins
  6 kobolds
  8 rats
45 creatures vanquished.

Notes
Turn   | Place    | Note
-------+----------+-------------------------------------------
     0 | D:1      | maniacrov the Deep Elf Fire Elementalist began the quest for the Orb.
     0 | D:1      | Reached XP level 1. HP: 10/10 MP: 6/6
   204 | D:1      | Reached XP level 2. HP: 14/15 MP: 0/8
   545 | D:1      | Reached skill level 4 in Fire Magic
   654 | D:1      | Found a deep blue altar of Sif Muna.
   662 | D:1      | Became a worshipper of Sif Muna the Loreminder
   802 | D:2      | Reached XP level 3. HP: 11/19 MP: 2/9
   825 | D:2      | Found a stormy altar of Qazlal.
  1407 | D:3      | Learned a level 2 spell: Throw Flame
  1411 | D:3      | Learned a level 3 spell: Inner Flame
  1475 | D:3      | Noticed maniacrov's ghost (weakling MfMo)
  1486 | D:3      | Reached XP level 4. HP: 24/24 MP: 7/11
  1502 | D:3      | Slain by maniacrov's ghost

Skill      XL: |  1  2 |
---------------+-------+-----
Fire Magic     | 4 |  4.5
Dodging        | |  2.8
Stealth        | |  2.8
Unarmed Combat | |  0.1
Spellcasting   | |  3.8
Conjurations   | |  1.2

Action                   |  1- 3 |  4- 6 || total
-------------------------+-------+-------++-------
Melee: Unarmed           |    44 |       ||    44
       Dagger            |    20 |     6 ||    26
 Cast: Flame Tongue      |    68 |     9 ||    77
  Use: Scroll            |     8 |       ||     8
       Potion            |       |     1 ||     1
  Eat: Meat ration       |     1 |       ||     1
Armor: Robe              |    12 |       ||    12
Dodge: Dodged            |    73 |    10 ||    83
